 Dungeon Crawl Stone Soup version 0.19-a0-1025-g778f431 (webtiles) character file.

5476 mrath the Grappler (level 10, 0/83 HPs)
             Began as a Ghoul Gladiator on July 28, 2016.
             Was a Priest of Okawaru.
             Slain by a troll (1 damage)
             ... on level 9 of the Dungeon.
             The game lasted 00:50:27 (11542 turns).

mrath the Grappler (Ghoul Gladiator)               Turns: 11542, Time: 00:50:28

Health: 0/83       AC: 13    Str: 23    XL:     10   Next: 69%
Magic:  0/21       EV: 17    Int:  3    God:    Okawaru [***...]
Gold:   501        SH:  0    Dex: 12    Spells: 0 memorised, 9 levels left

rFire  . . .     SeeInvis .     Z - +1 morningstar
rCold  + + .     Gourm    .     M - +0 ring mail {rC+}
rNeg   + + +     Faith    .     (no shield)
rPois  ∞         Spirit   +     b - +1 helmet
rElec  .         Dismiss  .     x - +2 cloak {MR+}
rCorr  .         Reflect  .     (no gloves)
SustAt .         Harm     .     (no boots)
MR     +....                    i - amulet of guardian spirit
Stlth  ++++......               E - ring of magical power
                                h - +3 ring of strength

@: heroism, rotting, somewhat resistant to hostile enchantments, stealthy
A: rotting body, claws 1, carnivore 3, cold resistance 1, negative energy
resistance 3, slow regeneration 1, torment resistance, unbreathing
a: Heroism, Renounce Religion


You were on level 9 of the Dungeon.
You worshipped Okawaru.
Okawaru was most pleased with you.
You were not hungry.

You visited 2 branches of the dungeon, and saw 10 of its levels.

You collected 592 gold pieces.
You spent 91 gold pieces at shops.

Inventory:

Hand Weapons
 J - a +2 whip of electrocution
 Z - a +1 morningstar (weapon)
Missiles
 a - 5 poisoned tomahawks (quivered)
 c - 3 throwing nets
 D - 4 tomahawks
Armour
 b - a +1 helmet (worn)
 x - a +2 cloak of magic resistance (worn)
 M - a +0 ring mail of cold resistance (worn)
Jewellery
 h - a +3 ring of strength (left claw)
 i - an amulet of guardian spirit (around neck)
 q - an uncursed ring of flight
 E - a ring of magical power (right claw)
Wands
 r - a wand of lightning (12/15)
Scrolls
 p - 3 scrolls of teleportation
 v - 2 scrolls of identify
 H - 6 scrolls of remove curse
Potions
 e - a potion of cancellation {unknown}
 f - a potion of berserk rage {unknown}
 j - a potion of heal wounds {unknown}
 k - 2 potions of brilliance
 l - a potion of beneficial mutation {unknown}
 m - 5 potions of curing
 t - a potion of flight {unknown}
 u - a potion of agility {unknown}
 A - 2 potions of degeneration {unknown}
 G - a potion of haste {unknown}
 K - 5 potions of cure mutation
 O - a potion of mutation {unknown}
 P - 2 potions of might {unknown}
Comestibles
 d - a meat ration
 U - 6 slices of pizza


   Skills:
 + Level 6.3(11.3) Fighting
 + Level 5.4(10.4) Throwing
 + Level 4.8(9.8) Armour
 + Level 6.1(11.1) Dodging
 + Level 6.4(11.4) Stealth
 + Level 9.0(14.0) Unarmed Combat
 + Level 0.2 Invocations
 + Level 4.6 Evocations


You had 9 spell levels left.
You didn't know any spells.

Dungeon Overview and Level Annotations

Branches:
Dungeon (9/15)             Temple (1/1) D:6
   Lair: D:8-11         Orc: D:9-12

Altars:
Dithmenos
Fedhas
Gozag
Hepliaklqana
Kikubaaqudgha
Makhleb
Okawaru
Pakellas
Qazlal
Ru
Sif Muna
Trog
Vehumet
Xom
Zin
The Shining One

Shops:
D:4 *   D:8 *:


Innate Abilities, Weirdness & Mutations

Your body is rotting away.
You thrive on raw meat.
You are immune to poison.
You have sharp fingernails.
You are carnivorous and can eat meat at any time.
Your flesh is cold resistant. (rC+)
You are immune to negative energy. (rN+++)
You regenerate slowly when monsters are visible.
You are immune to unholy pain and torment.
You can survive without breathing.


Message History

* * * LOW HITPOINT WARNING * * *
The troll claws you but does no damage. The troll barely misses you.
You gain the combat prowess of a mighty hero.
The troll barely misses you. x2; The troll claws you.
* * * LOW HITPOINT WARNING * * *
You closely miss the troll.
The troll misses you. x2; The troll claws you.
* * * LOW HITPOINT WARNING * * *
You puncture the troll!
The troll is moderately wounded.
The troll bites you but does no damage. The troll claws you.
* * * LOW HITPOINT WARNING * * *
The troll completely misses you. The troll closely misses you.
The troll claws you but does no damage. The troll completely misses you.
You sock the troll!
The troll is heavily wounded.
The troll barely misses you. x2; The troll claws you but does no damage.
You closely miss the troll.
The troll is heavily wounded.
The troll bites you.
You die...

...#.#####......#'########.......
...#...................[.........
...#....######...................
...#....#....#...................
...#....'....#...................
...#....#....+...............>...
####....######...#####'########..
.................#..........###.#
................@T.........##♣..♣
.................#........##§§§..
############.....#.....(..#.§§§..
...........#.....#.........#≈.≈_.
.....#####.#.....#'###....#≈...≈♣
.....#...#.#.........#....##....≈
.....#...#.#....[....########.._≈
.....'...#.#)...([..........###.#
.....#...+.#.....#######.........


You could see a troll.

Vanquished Creatures
  Erolcha (D:9)
  A troll (D:9)
  Prince Ribbit (D:9)
  Sigmund (D:6)
  2 yaks (D:8)
  A hippogriff (D:7)
  3 orc warriors
  2 eyes of draining (D:8)
  An ice beast (D:8)
  A phantom (D:7)
  2 ogres
  2 centaurs (D:9)
  A crocodile (D:8)
  2 big kobolds (D:8)
  2 giant frogs
  2 gnoll sergeants
  13 killer bees
  4 scorpions (D:6)
  4 wights (D:9)
  2 howler monkeys
  3 crimson imps
  A centaur zombie (D:8)
  2 giant frog zombies (D:6)
  4 orc priests
  5 hounds
  Crazy Yiuf (D:3)
  7 orc wizards
  A giant frog skeleton (D:8)
  An iguana (D:4)
  6 worker ants
  2 sheep (D:8)
  A hound zombie (D:6)
  16 gnolls
  11 adders
  2 shadow imps
  An adder skeleton (D:8)
  A dart slug (D:3)
  4 giant geckos
  38 orcs
  7 giant cockroaches
  8 goblins
  7 hobgoblins
  10 jackals
  3 quokkas
  5 ball pythons
  9 bats
  3 giant gecko skeletons
  3 giant newts
  10 kobolds
  A quokka skeleton (D:9)
  4 rats
225 creatures vanquished.

Vanquished Creatures (others)
  An orc wizard (D:6)
1 creature vanquished.

Grand Total: 226 creatures vanquished

Notes
Turn   | Place    | Note
-------+----------+-------------------------------------------
     0 | D:1      | mrath the Ghoul Gladiator began the quest for the Orb.
     0 | D:1      | Reached XP level 1. HP: 17/17 MP: 0/0
   304 | D:1      | Reached XP level 2. HP: 23/24 MP: 1/1
   313 | D:1      | Reached skill level 4 in Unarmed Combat
  1036 | D:1      | Reached XP level 3. HP: 27/29 MP: 2/2
  1416 | D:2      | Found a faded altar of an unknown god.
  1490 | D:2      | Reached skill level 5 in Unarmed Combat
  1556 | D:2      | Found a glowing silver altar of Zin.
  1672 | D:2      | Reached XP level 4. HP: 21/36 MP: 3/3
  2135 | D:2      | Reached skill level 6 in Unarmed Combat
  2138 | D:2      | Reached XP level 5. HP: 40/41 MP: 4/4
  2900 | D:3      | Found a burning altar of Makhleb.
  2900 | D:3      | Noticed a blizzard demon
  2903 | D:3      | Noticed a smoke demon
  2903 | D:3      | Noticed a smoke demon
  2922 | D:3      | Found a glowing golden altar of the Shining One.
  3417 | D:3      | Found a runed door.
  3421 | D:3      | Noticed Crazy Yiuf
  3430 | D:3      | Killed Crazy Yiuf
  3731 | D:3      | Reached XP level 6. HP: 46/50 MP: 5/5
  3899 | D:4      | Found an iron altar of Okawaru.
  4038 | D:4      | Got a distressingly furry ring mail
  4054 | D:4      | Reached skill level 1 in Stealth
  4125 | D:3      | Reached skill level 1 in Armour
  4440 | D:4      | Became a worshipper of Warmaster Okawaru
  4538 | D:4      | Found Qeusm's General Store.
  4555 | D:4      | Bought a scroll of identify for 26 gold pieces
  4555 | D:4      | Bought a scroll of identify for 26 gold pieces
  4555 | D:4      | Bought a scroll of teleportation for 39 gold pieces
  4656 | D:4      | Reached skill level 1 in Evocations
  4662 | D:4      | Reached XP level 7. HP: 31/56 MP: 3/6
  5222 | D:4      | Reached skill level 7 in Unarmed Combat
  5404 | D:5      | Entered Level 5 of the Dungeon
  5736 | D:5      | Found a sacrificial altar of Ru.
  5859 | D:5      | Reached XP level 8. HP: 58/63 MP: 8/8
  6153 | D:5      | Reached * piety under Okawaru
  6166 | D:5      | Identified the +2 ring mail "Bucwur" {rElec rPois Int-2 SInv} (You found it on level 4 of the Dungeon)
  6548 | D:6      | Found a deep blue altar of Sif Muna.
  6829 | D:6      | HP: 2/66 [orc warrior/halberd (11)]
  7215 | D:6      | Noticed Sigmund
  7231 | D:6      | Killed Sigmund
  7843 | D:6      | Reached XP level 9. HP: 72/72 MP: 10/10
  8007 | D:6      | Found a staircase to the Ecumenical Temple.
  8045 | D:6      | Found a hazy altar of Hepliaklqana.
  8107 | D:6      | Reached ** piety under Okawaru
  8186 | D:7      | Reached skill level 8 in Unarmed Combat
  8498 | D:7      | Reached skill level 5 in Dodging
  8637 | D:7      | Reached skill level 5 in Fighting
  8854 | D:7      | Found a shadowy altar of Dithmenos.
  9113 | D:7      | Reached skill level 5 in Stealth
  9332 | D:8      | Found a stormy altar of Qazlal.
  9332 | D:8      | Found Ettih's Book Emporium.
  9337 | D:8      | Found a blossoming altar of Fedhas.
  9358 | D:8      | Found an oddly glowing altar of Pakellas.
  9384 | D:8      | Reached *** piety under Okawaru
  9457 | D:8      | Found Jiseil's Changing Room.
  9764 | D:8      | Reached XP level 10. HP: 55/81 MP: 12/12
  9905 | D:8      | Noticed a two-headed hydra
 10376 | D:9      | Noticed Prince Ribbit
 10565 | D:9      | Reached skill level 5 in Throwing
 10600 | D:9      | Received a gift from Okawaru
 10630 | D:9      | Noticed Erolcha
 10643 | D:9      | Killed Erolcha
 10643 | D:9      | Reached **** piety under Okawaru
 10643 | D:9      | Reached skill level 9 in Unarmed Combat
 10646 | D:9      | Found a shimmering altar of Xom.
 10646 | D:9      | Found a shimmering altar of Xom.
 10662 | D:9      | Found a shimmering altar of Xom.
 10978 | D:9      | Found a shimmering altar of Xom.
 11011 | D:9      | Killed Prince Ribbit
 11134 | D:9      | Found an opulent altar of Gozag.
 11370 | Temple   | Entered the Ecumenical Temple
 11540 | D:9      | HP: 1/83 [troll (4)]
 11542 | D:9      | Slain by a troll

Vault maps used:
D:1:      kennysheep_arrival_seaside, serial_glass, glass_columns_a,
          glass_columns_a
D:2:      old_standard_altar, ecumenical_altar_1
D:3:      makhleb_altar_promises_db, lemuel_crystal_altar, minmay_door_square,
          kennysheep_generic_room_16, uniq_crazy_yiuf_cottage
D:4:      lemuel_crystal_altar, serial_shops, shop
D:5:      kennysheep_mini, first_bread
D:6:      kennysheep_mini_moat, old_standard_altar, uniq_sigmund
D:7:      grunt_dithmenos_shadows
D:8:      grunt_temple_overflow_forces_of_nature, lemuel_doored_altar,
          serial_shops, shop, hangedman_ranch, grunt_ministairs_1,
          nicolae_transmutations_shop
D:9:      kennysheep_little_box, xom_redecorated, uniq_prince_ribbit1,
          uniq_erolcha
Temple:   compressed_dpeg_circular_temple

Skill      XL: |  1  2  3  4  5  6  7  8  9 10 |
---------------+-------------------------------+-----
Unarmed Combat | 4 5 6 7 8 9 |  9.0
Dodging        | 3 4 5 6 |  6.1
Stealth        | 2 4 5 6 |  6.4
Armour         | 1 2 3 4 |  4.8
Throwing       | 2 3 4 5 |  5.4
Evocations     | 1 2 4 |  4.6
Fighting       | 3 4 5 6 |  6.3
Invocations    | |  0.2

Action                   |  1- 3 |  4- 6 |  7- 9 | 10-12 || total
-------------------------+-------+-------+-------+-------++-------
Melee: Unarmed           |   123 |   199 |   435 |    88 ||   845
       Punch             |       |     4 |    12 |     5 ||    21
       Morningstar       |       |       |       |    49 ||    49
Throw: Tomahawk          |       |       |    14 |    19 ||    33
       Throwing net      |       |       |       |     2 ||     2
Invok: Heroism           |       |       |     6 |     6 ||    12
  Use: Scroll            |       |     2 |     4 |    10 ||    16
 Stab: Sleeping          |       |       |     6 |     2 ||     8
  Eat: Chunk             |     5 |     9 |    16 |     5 ||    35
       Beef jerky        |       |       |     1 |       ||     1
Armor: Leather armour    |    36 |    47 |    57 |       ||   140
       Ring mail         |       |       |    70 |    41 ||   111
Dodge: Dodged            |   106 |   122 |   305 |   111 ||   644
